 Dungeon Crawl Stone Soup version 0.29-a0-330-g52719c12eb (webtiles) character file.

Game seed: 14403497981501259545

608 MalarOregon the Cudgeller (level 7, -3/57 HPs)
             Began as a Palentonga Fighter on Apr 18, 2022.
             Was an Initiate of the Shining One.
             Succumbed to a gnoll sergeant's poison
             ... on level 5 of the Dungeon.
             The game lasted 00:10:28 (3927 turns).

MalarOregon the Cudgeller (Palentonga Fighter)      Turns: 3927, Time: 00:10:28

Health: -3/57      AC: 10    Str: 21    XL:     7   Next: 19%
Magic:  7/7        EV:  8    Int:  9    God:    the Shining One [......]
Gold:   191        SH:  4    Dex:  9    Spells: 4/6 levels left

rFire   . . .      SeeInvis +   a - +0 flail {mace}
rCold   . . .      Faith    .   c - +0 buckler
rNeg    . . .      Spirit   .   b - +0 scale mail
rPois   .          Reflect  .   v - +0 helmet
rElec   .          Harm     .   (no cloak)
rCorr   .          Rampage  .   l - +1 pair of gloves
Will    .....                   (no barding)
Stlth   ..........              (no amulet)
HPRegen 0.19/turn               (no ring)
MPRegen 0.10/turn               (no ring)

@: lethally poisoned (-3 -> -26), glowing
A: large, rugged brown scales 3, see invisible, deformed body, roll 1, armoured
tail, reflexive curl
a: Rolling Charge, Renounce Religion


You were on level 5 of the Dungeon.
You worshipped the Shining One.
The Shining One was noncommittal.
You visited 2 branches of the dungeon, and saw 6 of its levels.

You collected 191 gold pieces.


Innate Abilities, Weirdness & Mutations

You are completely covered in rugged brown scales. (AC +3, +7% HP)
You have supernaturally acute eyesight. (SInv)
Armour fits poorly on your strangely shaped body.
You can roll at nearby foes to attack.
You have a long armoured tail.
You curl defensively after being hit. (AC +7*)


   Skills:
 + Level 4.0 Fighting
 * Level 4.6 Maces & Flails
 + Level 3.4 Armour
 + Level 2.2 Dodging
 * Level 4.1 Shields


You had 4 spell levels left.
You knew the following spells:

 Your Spells              Type           Power      Damage    Failure   Level
b - Blink                 Tloc           0%         N/A       90%         2

Your spell library contained the following spells:

 Spells                   Type           Power      Damage    Failure   Level
 Lesser Beckoning         Tloc           0%         N/A       99%         3
 Manifold Assault         Tloc           0%         N/A       100%        5

Inventory:

Hand Weapons
 a - a +0 flail (weapon) {mace}
 B - a +1 whip of electrocution {mace}
   (You found it on level 4 of the Dungeon)
Missiles
 e - 149 stones {throwing}
 q - 3 datura-tipped darts (quivered) {throwing}
Armour
 b - a +0 scale mail (worn)
 c - a +0 buckler (worn)
 l - a +1 pair of gloves (worn)
   (You found it on level 1 of the Dungeon)
 v - a +0 helmet (worn)
   (You found it on level 4 of the Dungeon)
 w - a +0 leather armour
   (You found it on level 4 of the Dungeon)
 y - a +0 robe
   (You took it off Dowan on level 4 of the Dungeon)
 A - a +0 ring mail
   (You took it off Duvessa on level 4 of the Dungeon)
Scrolls
 d - 2 scrolls of identify {@r1}
 g - 2 scrolls of magic mapping {!r}
 i - a scroll of enchant armour
 m - a scroll of amnesia {unknown}
 o - a scroll of teleportation {unknown}
 t - a scroll of silence {unknown}
 x - a scroll of vulnerability {unknown}
Potions
 h - 4 potions of mutation {!q}
 j - 2 potions of curing {unknown}
 k - a potion of lignification {unknown}
 n - a potion of magic {unknown}
 s - 2 potions of attraction {unknown}
 u - a potion of haste {unknown}
 z - a potion of brilliance {unknown}

Dungeon Overview and Level Annotations

Branches:
Dungeon (5/15)             Temple (1/1) D:4

Altars:
Ashenzari
Cheibriados
Dithmenos
Elyvilon
Fedhas
Gozag
Hepliaklqana
Kikubaaqudgha
Makhleb
Nemelex Xobeh
Okawaru
Qazlal
Ru
Sif Muna
Trog
Uskayaw
Vehumet
Wu Jian
Xom
Yredelemnul
Zin
The Shining One

*,,,********#.........#####**+
*,,,********#.............#*,,
*,,,,,,,,,,*#...........#.#*,,
*,,,,.,,,,,*#...........#,**,,
*,,,,..,,,,*#.......<...#,,,,,
*,,,,...,,,##.##......#.#*****
*,,,,)...,,+..........+...,,,,
*,,,,.(...,##l##......#*###***
*,^,,......##@##......#
*,,,,..)..)gOh##......#
*,,,,......#####.######
****,.....,****#..,*
**##..,,,,,,.##,* ***
*,+.,,,,,,,,+,,* *,,
*,#,,,,,,,,,**** *,,
*,,,,,,,,,,,* *,,
***,,,,,,,,,* *,,


You could see an iguana (inner flame, ally target), a neutral gnoll sergeant
(fast, inner flame, strong, insane, ally target), a friendly ogre (summoned) and
a friendly howler monkey (summoned).


Message History

You now curl defensively after being hit. 😕 HP[+2] MP[+1]
You now have 57 max hp (+6).
You regained 2 hp, and now have 45/57 hp.
Your mp is fully restored (7).
You feel sick.
You feel sick.
You feel sick.
You feel sick.
You feel sick.
You feel sick.
You feel sick.
You are no longer poisoned.
You now have 191 gold pieces (gained 13).
You open the door.
A gnoll sergeant and 2 gnolls come into view.
The gnoll sergeant is wielding a +2 spear of venom.
The gnoll sergeant shouts!
The gnoll shouts! x2; You hear a shout!
A hound comes into view. 😎 HP[+12]
Your hp is fully restored (57).
There are monsters nearby!
There are monsters nearby!
There are monsters nearby!
Throw: 4 darts (datura) {throwing}
Press: ? - help, Q - select action, (/) - cycle Shift-Dir - straight line, f - gnoll sergeant
Aim: a gnoll sergeant, wielding a +2 spear of venom and wearing a +0 ring mail (64% to hit, chance to frenzy on hit: 51%)
You throw a datura-tipped dart {throwing}.
The datura-tipped dart {throwing} hits the gnoll sergeant.
The gnoll sergeant flies into a frenzy!
The gnoll sergeant hits the hound with a +2 spear of venom!
The gnoll sergeant barely misses the hound.
The gnoll sergeant hits something from afar with a +2 spear of venom!
A gnoll comes into view. It is wielding a +0 club.
The gnoll sergeant hits the gnoll with a +2 spear of venom!
The gnoll dies!
The gnoll barely misses you.
You barely miss the gnoll.
Your tail-slap misses the gnoll.
The gnoll sergeant closely misses something.
The gnoll sergeant hits something from afar with a +2 spear of venom!!
You feel a bit more experienced.
An iguana comes into view.
The gnoll barely misses you.
The iguana hisses angrily.
You hit the gnoll but do no damage. You tail-slap the gnoll!
The gnoll sergeant shouts!
The gnoll closely misses you.
The gnoll sergeant shouts!
You completely miss the gnoll.
The gnoll sergeant hits the hound from afar with a +2 spear of venom!
The hound dies!
The gnoll closely misses you.
The gnoll sergeant hits the gnoll from afar with a +2 spear of venom!!
The gnoll dies!
You sock the gnoll!
You kill the gnoll!
The gnoll sergeant shouts!
You barely miss the iguana.
The gnoll sergeant hits you but does no damage.
You are poisoned.
The gnoll sergeant hits you from afar with a +2 spear of venom!
You are more poisoned.
The iguana bites you but does no damage. 😕 HP[-12]
You take 12 damage, and now have 45/57 hp.
MASSIVE DAMAGE!! (PAUSE)
Okay, then.
You aren't carrying any items that you can evoke.
As you read the scroll labelled FAGETZAXYO, it crumbles to dust.
You feel aware of your surroundings.
You sensed 2 shops/portals.
It was a scroll of magic mapping.
You feel extremely sick.
The gnoll sergeant hits you from afar with a +2 spear of venom!
You are more poisoned.
The iguana bites you.
* * * LOW HITPOINT WARNING * * *
The gnoll sergeant barely misses you. 😨 HP[-19]
You take 19 damage, and now have 26/57 hp.
MASSIVE DAMAGE!! (PAUSE) Unknown command.
Unknown command.
Okay, then.
You aren't carrying any items that you can evoke.
Okay, then.
As you read the scroll labelled YWNEFROLIU, it crumbles to dust.
The creatures around you are filled with an inner flame!
It was a scroll of immolation.
* * * LOW HITPOINT WARNING * * *
You feel extremely sick.
The gnoll sergeant hits you from afar with a +2 spear of venom!
* * * LOW HITPOINT WARNING * * *
The iguana bites you!
* * * LOW HITPOINT WARNING * * *
😱 HP[-25]
You take 25 damage, and now have 1/57 hp.
MASSIVE DAMAGE!! (PAUSE)
As you read the scroll labelled MORROGGANNOO, it crumbles to dust.
Wisps of shadow whirl around you...
It was a scroll of summoning.
You die...

Skill      XL: |  1  2  3  4  5  6 |
---------------+-------------------+-----
Maces & Flails | 3 4 |  4.6
Dodging        | 1 2 |  2.2
Shields        | 3 4 |  4.1
Armour         | 3 |  3.4
Fighting       | 4 |  4.0

Action                   |  1- 3 |  4- 6 |  7- 9 || total
-------------------------+-------+-------+-------++-------
Melee: Flail             |    89 |    54 |     5 ||   148
       Tailslap          |     9 |     6 |     1 ||    16
       Spear             |     2 |    15 |       ||    17
Throw: Dart              |       |       |     1 ||     1
 Abil: Rolling Charge    |       |     4 |       ||     4
  Use: Scroll            |       |     3 |     3 ||     6
       Potion            |       |     1 |       ||     1
Armor: Scale mail        |    54 |    36 |     2 ||    92
Dodge: Dodged            |    33 |    23 |     5 ||    61
Block: Buckler           |    11 |    10 |       ||    21

Levels and vault maps discovered:
D:1:      shiori_arrival_maze, layout_rooms, ebering_ecumenical_altar_rust
D:2:      cheibrodos_old_hovel, layout_basic
D:3:      layout_loops_corners, uniq_jessica
D:4:      layout_cave_pools, nicolae_ru_path_of_blood, minmay_temple_entry_grid,
          uniq_duvessa
D:5:      layout_basic, serial_shops, shop, guppyfry_shop_venom
Temple:   nicolae_temple_the_god_donut

Notes
Turn   | Place    | Note
-------+----------+-------------------------------------------
     0 | D:1      | MalarOregon the Palentonga Fighter began the quest for the
                  | Orb.
     0 | D:1      | Reached XP level 1. HP: 19/19 MP: 1/1
     0 | D:1      | magus.rc [v1.9.6]
   166 | D:1      | Found a faded altar of an unknown god.
   354 | D:1      | Reached XP level 2. HP: 19/25 MP: 2/2
   895 | D:2      | Reached XP level 3. HP: 22/31 MP: 3/3
  1007 | D:2      | Identified the +8 spear of the Charming Seeker {speed,
                  | *Rage rElec Int+5}
  1202 | D:2      | Reached XP level 4. HP: 24/37 MP: 4/4
  1746 | D:3      | Noticed Jessica
  1754 | D:3      | Killed Jessica
  1755 | D:3      | Reached skill level 3 in Maces & Flails
  1755 | D:3      | Reached skill level 1 in Dodging
  1755 | D:3      | Reached skill level 3 in Shields
  2029 | D:3      | You fall into a shaft and drop 1 floor!
  2034 | D:4      | Noticed a scorpion
  2695 | D:4      | Found a staircase to the Ecumenical Temple.
  2704 | Temple   | Entered the Ecumenical Temple
  2961 | Temple   | Became a worshipper of the Shining One
  3003 | D:4      | Killed a scorpion
  3004 | D:4      | Reached XP level 5. HP: 29/43 MP: 5/5
  3153 | D:4      | Noticed a black bear
  3158 | D:4      | Killed a black bear
  3159 | D:4      | Reached skill level 3 in Armour
  3171 | D:4      | Reached XP level 6. HP: 47/50 MP: 6/6
  3254 | D:4      | You pick up a book of Spatial Translocations and begin
                  | reading...
  3254 | D:4      | You add the spells Blink, Lesser Beckoning and Manifold
                  | Assault to your library.
  3258 | D:4      | Learned a level 2 spell: Blink
  3264 | D:4      | Noticed Duvessa
  3318 | D:4      | Noticed Dowan
  3322 | D:4      | Killed Duvessa
  3323 | D:4      | Reached skill level 4 in Maces & Flails
  3451 | D:4      | Killed Dowan
  3452 | D:4      | Reached skill level 2 in Dodging
  3487 | D:4      | Found a sacrificial altar of Ru.
  3542 | D:4      | Reached skill level 4 in Shields
  3784 | D:5      | Entered Level 5 of the Dungeon
  3794 | D:5      | Reached skill level 4 in Fighting
  3794 | D:5      | Gained mutation: You curl defensively after being hit. (AC
                  | +7*) [Palentonga growth]
  3794 | D:5      | Reached XP level 7. HP: 45/57 MP: 7/7
  3926 | D:5      | HP: 8/57 [gnoll sergeant/+2 spear of venom (11)]
  3926 | D:5      | HP: 1/57 [iguana (7)]
  3927 | D:5      | Succumbed to a gnoll sergeant's poison

Vanquished Creatures
  Duvessa (D:4)
  A black bear (D:4)
  2 scorpions
  Dowan (D:4)
  2 hounds
  Jessica (D:3)
  5 adders
  A gnoll (D:5)
  3 ball pythons
  2 bats
  7 endoplasms
  3 giant cockroaches
  6 goblins
  4 hobgoblins
  5 kobolds
  A quokka (D:1)
  4 frilled lizards
  8 rats
57 creatures vanquished.

Vanquished Creatures (collateral kills)
  A hound (D:5)
  3 gnolls (D:5)
4 creatures vanquished.

Grand Total: 61 creatures vanquished

Table legend:
 A = Non-vault XP
 B = Vault XP
 C = Vault XP percentage of total XP
 D = Non-vault monster count
 E = Vault monster count
 F = Vault count percentage of total count
                 A         B        C        D         E       F
            +---------+---------+-------+---------+---------+-------
      Total |     609 |     260 |  29.9 |      55 |       6 |   9.8
            +---------+---------+-------+---------+---------+-------
        D:1 |      22 |       3 |  12.0 |      13 |       2 |  13.3
        D:2 |      75 |       1 |   1.3 |      17 |       1 |   5.6
        D:3 |      67 |      37 |  35.6 |       9 |       1 |  10.0
        D:4 |     262 |     219 |  45.5 |      10 |       2 |  16.7
        D:5 |     183 |       0 |   0.0 |       6 |       0 |   0.0
            +---------+---------+-------+---------+---------+-------

Illustrated notes

Table legend:
 A = Kills in this place as a percentage of kills in entire the game.
 B = Kills by you in this place as a percentage of kills by you in the entire game.
 C = Kills by friends in this place as a percentage of kills by friends in the entire game.
 D = Other kills in this place as a percentage of other kills in the entire game.
 E = Experience gained in this place as a percentage of experience gained in the entire game.
 F = Experience gained in this place divided by the number of levels of this place that you have seen.
                   A       B       C       D       E      F
               +-------+-------+-------+-------+-------+----------------------
         Total | 100.0 | 100.0 | 100.0 |   N/A | 100.0 | 144.8
       Dungeon | 100.0 | 100.0 | 100.0 |   N/A | 100.0 | 173.8
               +-------+-------+-------+-------+-------+----------------------

Table legend: (Time is in decaauts)
 A = Elapsed time spent in this place.
 B = Non-inter-level travel time spent in this place.
 C = Inter-level travel time spent in this place.
 D = Time resting spent in this place.
 E = Time spent auto-exploring this place.
 F = Levels seen in this place.
 G = Mean time per level.
                   A        B        C        D        E       F      G
               +--------+--------+--------+--------+--------+-----+--------+
         Total |   4002 |   3870 |    132 |    636 |   2646 |   6 |  667.0 |
       Dungeon |   3737 |   3628 |    109 |    636 |   2434 |   5 |  747.4 |
        Temple |    264 |    241 |     23 |      0 |    212 |   1 |  264.0 |
               +--------+--------+--------+--------+--------+-----+--------+

Top non-repeatable levels by time:
     D:3: 1090 daAuts
     D:2: 1019 daAuts
     D:4: 750 daAuts
     D:1: 731 daAuts
  Temple: 264 daAuts
     D:5: 145 daAuts
